 Dungeon Crawl Stone Soup version 0.22-a0-48-g8770677 (webtiles) character file.

35541 KristoblXynda the Carver (level 13, -5/99 HPs)
             Began as a Naga Gladiator on Jan 7, 2018.
             Was an Initiate of Gozag.
             Slain by a vault guard
             ... wielding a +0 long sword
              (11 damage)
             ... on level 14 of the Dungeon.
             The game lasted 00:53:08 (17041 turns).

KristoblXynda the Carver (Naga Gladiator)          Turns: 17041, Time: 00:53:09

Health: -5/99      AC: 18    Str: 20    XL:     13   Next: 84%
Magic:  23/23      EV: 15    Int: 14    God:    Gozag
Gold:   2768       SH:  4    Dex: 13    Spells: 23/26 levels left

rFire    . . .     SeeInvis +   a - +4 scimitar (flame)
rCold    . . .     Gourm    .   u - +0 buckler
rNeg     . . .     Faith    .   r - +5 ring mail of Duamnuwk {Str+2}
rPois    +         Spirit   .   c - +0 helmet
rElec    .         Reflect  .   F - +0 cloak
rCorr    .         Harm     .   D - +0 pair of gloves
MR       +....                  (no barding)
Stlth    +++++.....             y - amulet of rage
HPRegen  0.26/turn              T - ring of stealth
MPRegen  0.18/turn              k - +4 ring of evasion

@: very slow
A: large, see invisible, clever 1, deformed body, poison resistance, slowness 2,
slow metabolism 1, spit poison 2, constrict 1, AC +4
a: Breathe Poison Gas, Potion Petition, Call Merchant, Bribe Branch, Renounce
Religion, Evoke Berserk Rage


You were on level 14 of the Dungeon.
You worshipped Gozag.
Gozag was most pleased with you.
You were not hungry.

You visited 3 branches of the dungeon, and saw 16 of its levels.
You also visited: Sewer.

You collected 3477 gold pieces.
You spent 630 gold pieces at shops.
You paid 79 gold pieces to Gozag.

Inventory:

Hand Weapons
 a - a +4 scimitar of flaming (weapon)
Missiles
 d - 3 throwing nets (quivered)
Armour
 c - a +0 helmet (worn)
 r - the +5 ring mail of Duamnuwk (worn) {Str+2}
   (You found it on level 8 of the Dungeon)

   It affects your strength (+2).
 u - a +0 buckler (worn)
 D - a +0 pair of gloves (worn)
 F - a +0 cloak (worn)
 O - a +0 shield
Jewellery
 j - an uncursed amulet of the gourmand {unknown}
 k - a +4 ring of evasion (right hand)
 y - an amulet of rage (around neck)
 T - a ring of stealth (left hand)
Wands
 b - a wand of iceblast (9)
 E - a wand of digging (12)
 H - a wand of paralysis (4)
 K - a wand of disintegration (30)
 L - a wand of acid (7)
Scrolls
 g - 12 scrolls of remove curse
 o - 6 scrolls of teleportation
 s - 5 scrolls of fog
 x - 2 scrolls of amnesia
 G - 2 scrolls of magic mapping
 M - a scroll of silence
 N - a scroll of immolation
Potions
 e - 4 potions of mutation
 h - a potion of invisibility
 i - 4 potions of curing
 m - 2 potions of cancellation
 n - a potion of heal wounds
 p - 3 potions of brilliance
 v - 2 potions of might
 w - 3 potions of resistance
 A - 2 potions of flight
 B - 4 potions of agility
 C - a potion of haste
 Q - a potion of lignification
Books
 l - a book of Cantrips

   Spells                             Type                      Level
   a - Confusing Touch                Hexes                        1
   b - Animate Skeleton               Necromancy                   1
   c - Summon Small Mammal            Summoning                    1
   d - Apportation                    Translocation                1
 q - a book of Debilitation

   Spells                             Type                      Level
   a - Corona                         Hexes                        1
   b - Slow                           Hexes                        2
   c - Inner Flame                    Hexes/Fire                   3
   d - Portal Projectile              Hexes/Translocation          3
   e - Cause Fear                     Hexes                        4
   f - Leda's Liquefaction            Hexes/Earth                  4
 I - a book of Air

   Spells                             Type                      Level
   a - Shock                          Conjuration/Air              1
   b - Swiftness                      Charms/Air                   2
   c - Static Discharge               Conjuration/Air              3
   d - Airstrike                      Air                          4
   e - Lightning Bolt                 Conjuration/Air              5
 J - a book of Necromancy

   Spells                             Type                      Level
   a - Pain                           Necromancy                   1
   b - Animate Skeleton               Necromancy                   1
   c - Vampiric Draining              Necromancy                   3
   d - Regeneration                   Charms/Necromancy            3
   e - Animate Dead                   Necromancy                   4
   f - Borgnjor's Vile Clutch         Necromancy/Earth             5
Miscellaneous
 z - a crystal ball of energy
 P - a fan of gales
Comestibles
 f - 15 rations


   Skills:
 - Level 2.0 Fighting
 + Level 11.9 Long Blades
 - Level 2.2 Throwing
 + Level 9.6 Armour
 - Level 5.1 Dodging
 - Level 10.3 Stealth
 - Level 3.3 Shields
 + Level 7.0 Spellcasting
 + Level 4.0 Charms
 + Level 4.0 Necromancy
 - Level 10.1 Evocations


You had 23 spell levels left.
You knew the following spells:

 Your Spells              Type           Power        Failure   Level  Hunger
a - Regeneration          Chrm/Necr      ###.......   12%         3    ##.....


Dungeon Overview and Level Annotations

Branches:
Dungeon (15/15)            Temple (1/1) D:5            Lair (1/6) D:11
    Orc (0/2) D:11         Vaults (0/5) D:14
 Depths: D:15

Altars:
Ashenzari
Cheibriados
Dithmenos
Elyvilon
Fedhas
Gozag
Hepliaklqana
Kikubaaqudgha
Makhleb
Nemelex Xobeh
Okawaru
Qazlal
Ru
Sif Muna
Trog
Uskayaw
Vehumet
Wu Jian
Xom
Yredelemnul
Zin
The Shining One

Shops:
D:6 *   D:8 }   D:9 *   D:10 !

Annotations:
D:14 XomBae's ghost, journeyman MiBe


Innate Abilities, Weirdness & Mutations

You cannot wear boots.
Your serpentine skin is tough. (AC +4)
You have supernaturally acute eyesight. (SInv)
Armour fits poorly on your strangely shaped body.
Your system is resistant to poisons. (rPois)
You cover ground very slowly.
You have a slow metabolism.
You can exhale a cloud of poison.
You can use your snake-like lower body to constrict enemies.
Your mind is acute. (Int +2)


Message History

You hit XomBae's ghost but do no damage.
XomBae's ghost is lightly damaged.
The vault guard hits you with a long sword.
XomBae's ghost hits you!!
* * * LOW HITPOINT WARNING * * *
XomBae's ghost burns you.
* * * LOW HITPOINT WARNING * * *
Okay, then.
You feel much better. You block XomBae's ghost's attack.
The vault guard hits you but does no damage.
As you read the scroll of summoning, it crumbles to dust.
Wisps of shadow whirl around you... XomBae's ghost hits you!!
* * * LOW HITPOINT WARNING * * *
XomBae's ghost burns you.
* * * LOW HITPOINT WARNING * * *
XomBae's ghost hits you but does no damage.
Your slime creature barely misses XomBae's ghost.
The vault guard hits you with a long sword!
You die...
Your body crumbles into a pile of gold.

...# #######... #..#
#.....#... ### #..#
#.....#... #... #..#
#.....#... #.... #..# #
#.....#... #.....#..# #.#
#.....###.
#........###.#####.....###.
#.....##>WJJl..........'...
#.... #.p@.J....#.....###.
#... ##J#######.#########.
#.. #........p...........
## #.########.##########
#.# ### #.# #.# #####
#.##### #.... #.....# #....


You could see a vault guard, XomBae's ghost, 4 friendly slime creatures and a
friendly wyvern.

Vanquished Creatures
  Agnes (D:14)
  A fire dragon (D:15)
  A hydra (D:14)
  6 vault guards (D:14)
  Erica (D:8)
  The ghost of qwer the Carver, a novice NaGl of Nemelex Xobeh (D:8)
  4 two-headed ogres
  The ghost of Klosterheim the Basher, a novice OgHu of Uskayaw (D:7)
  Pikel (D:6)
  A wolf spider zombie (D:15)
  7 ugly things (D:14)
  A cyclops (D:11)
  A manticore (D:15)
  An elephant (D:11)
  A centaur zombie (D:11)
  A spiny frog (Lair:1)
  3 centaur skeletons
  3 komodo dragons
  4 trolls
  3 hippogriffs
  3 slime creatures (D:15)
  3 blink frogs (Lair:1)
  A meliai zombie (D:6)
  A shadow (D:15)
  Sigmund (D:4)
  3 wyverns
  A wraith (D:11)
  A basilisk (D:11)
  21 yaks
  2 vampires (D:14)
  A human (D:7)
  4 hogs (D:7)
  A steam dragon (D:7)
  A hungry ghost (D:11)
  5 water moccasins
  A swamp worm (shapeshifter) (D:14)
  Duvessa (D:6)
  5 ice beasts
  A meliai simulacrum (D:14)
  12 orc warriors
  5 phantoms
  2 sky beasts
  A black bear (D:11)
  6 ogres
  4 wolves (Lair:1)
  5 centaurs
  5 boggarts (D:15)
  3 crocodiles
  2 big kobolds
  11 bullfrogs
  4 scorpions
  Dowan (D:6)
  9 wights
  10 killer bees
  2 howler monkeys
  2 bullfrog zombies
  9 crimson imps
  3 jellies
  8 hounds
  14 orc priests
  Crazy Yiuf (D:6)
  4 bullfrog skeletons
  5 iguanas
  Ijyb (D:4)
  16 orc wizards
  2 killer bee zombies
  4 worker ants
  2 hound skeletons
  2 worker ant zombies
  17 adders
  2 river rats (Sewer)
  2 shadow imps
  An adder skeleton (D:4)
  2 adder zombies (D:8)
  3 worms
  2 dart slugs
  A leopard gecko (D:6)
  49 orcs
  4 giant cockroaches
  8 goblins
  11 hobgoblins
  14 jackals
  34 kobolds
  3 quokkas
  10 ball pythons
  3 bats
  6 frilled lizards
  A leopard gecko skeleton (D:5)
  2 quokka skeletons
  29 rats
459 creatures vanquished.

Vanquished Creatures (others)
  2 slaves (D:6)
  Blork the orc (D:6)
  An orc priest (D:6)
  A plant (D:8)
5 creatures vanquished.

Grand Total: 464 creatures vanquished

Notes
Turn   | Place    | Note
-------+----------+-------------------------------------------
     0 | D:1      | KristoblXynda the Naga Gladiator began the quest for the Orb.
     0 | D:1      | Reached XP level 1. HP: 19/19 MP: 1/1
   109 | D:1      | Reached XP level 2. HP: 2/26 MP: 2/2
  1166 | D:1      | Reached XP level 3. HP: 32/32 MP: 3/3
  1502 | D:2      | Found a glowing golden altar of the Shining One.
  1924 | D:2      | Reached XP level 4. HP: 22/39 MP: 4/4
  2320 | D:3      | Reached skill level 4 in Long Blades
  2354 | D:3      | Reached skill level 1 in Armour
  2365 | D:2      | Gained mutation: You can exhale a cloud of poison. [potion of mutation]
  2365 | D:2      | Gained mutation: Your mind is acute. (Int +2) [potion of mutation]
  2641 | D:3      | Reached skill level 1 in Stealth
  2641 | D:3      | Reached XP level 5. HP: 40/45 MP: 5/5
  2713 | D:3      | Reached skill level 1 in Evocations
  2980 | D:3      | Reached XP level 6. HP: 46/52 MP: 5/7
  3151 | D:3      | Noticed an orc warrior
  3167 | D:3      | Killed an orc warrior
  3497 | D:3      | Reached XP level 7. HP: 60/60 MP: 8/8
  3726 | D:3      | Reached skill level 5 in Long Blades
  3727 | D:3      | Found a hazy altar of Hepliaklqana.
  3879 | D:4      | Noticed Ijyb
  3891 | D:4      | Killed Ijyb
  3904 | D:4      | Noticed Sigmund
  3911 | D:4      | Killed Sigmund
  3911 | D:4      | Reached skill level 5 in Stealth
  3911 | D:4      | Reached skill level 1 in Shields
  4165 | D:4      | Reached XP level 8. HP: 55/67 MP: 10/10
  4793 | D:5      | Entered Level 5 of the Dungeon
  4866 | D:5      | Got an encrusted ring mail
  4877 | D:5      | Identified the +1 ring mail "Yduy" {Int+5} (You found it on level 5 of the Dungeon)
  5036 | D:5      | Found a sparkling altar of Nemelex Xobeh.
  5094 | D:5      | Reached skill level 6 in Long Blades
  5254 | D:5      | Found a staircase to the Ecumenical Temple.
  5552 | Temple   | Entered the Ecumenical Temple
  5742 | Temple   | Became a worshipper of Gozag Ym Sagoz the Greedy
  5809 | D:6      | Noticed Pikel
  5827 | D:6      | Killed Pikel
  5827 | D:6      | Reached XP level 9. HP: 41/73 MP: 12/12
  6050 | D:6      | Reached skill level 5 in Evocations
  6077 | D:6      | Killed Blork the orc
  6125 | D:6      | Noticed Dowan
  6129 | D:6      | Found a glowing drain.
  6129 | D:6      | Noticed Duvessa
  6137 | D:6      | Killed Dowan
  6139 | D:6      | Killed Duvessa
  6176 | Sewer    | Entered a sewer
  6488 | Sewer    | Reached skill level 7 in Long Blades
  6995 | D:6      | Reached skill level 5 in Armour
  7440 | D:6      | Found a basalt altar of Yredelemnul.
  7442 | D:6      | Found Papsyr's Evil Emporium.
  7555 | D:6      | Found an iron altar of Okawaru.
  7555 | D:6      | Found a sparkling altar of Nemelex Xobeh.
  7556 | D:6      | Found a stormy altar of Qazlal.
  7559 | D:6      | Found a snail-covered altar of Cheibriados.
  7560 | D:6      | Found a white marble altar of Elyvilon.
  7646 | D:6      | Found a runed door.
  7650 | D:6      | Noticed Crazy Yiuf
  7652 | D:6      | Killed Crazy Yiuf
  7820 | D:7      | Reached XP level 10. HP: 79/80 MP: 14/14
  7984 | D:7      | Noticed Klosterheim's ghost (novice OgHu)
  8053 | D:7      | Killed Klosterheim's ghost
  8053 | D:7      | Reached skill level 10 in Stealth
  8308 | D:7      | Reached skill level 8 in Long Blades
  8886 | D:7      | Found a shattered altar of Ashenzari.
  9367 | D:8      | Noticed Erica
  9373 | D:8      | Killed Erica
  9546 | D:8      | Found Buwkojedd's Gadget Emporium.
  9558 | D:8      | Reached XP level 11. HP: 76/86 MP: 16/16
  9576 | D:8      | Bought a wand of paralysis (13) for 210 gold pieces
  9626 | D:8      | Noticed qwer's ghost (novice NaGl)
  9638 | D:8      | Killed qwer's ghost
  9638 | D:8      | Reached skill level 9 in Long Blades
  9752 | D:8      | Got an ichor-stained ring mail
  9921 | D:8      | Identified the +5 ring mail of Duamnuwk {Str+2} (You found it on level 8 of the Dungeon)
  9983 | D:8      | Found a blossoming altar of Fedhas.
 10377 | D:6      | Bought a book of Necromancy for 420 gold pieces
 10436 | D:7      | Learned a level 3 spell: Regeneration
 10631 | D:9      | Noticed a two-headed ogre
 10644 | D:9      | Killed a two-headed ogre
 10644 | D:9      | Reached skill level 5 in Dodging
 10694 | D:9      | Found Igguewki's Demolitions Depot.
 10944 | D:10     | Entered Level 10 of the Dungeon
 10944 | D:10     | Found Eceuduev's Distillery.
 11079 | D:10     | Reached skill level 1 in Spellcasting
 11361 | D:10     | Noticed a two-headed ogre
 11369 | D:10     | Killed a two-headed ogre
 11493 | D:10     | Found an iron altar of Okawaru.
 11511 | D:10     | Reached skill level 10 in Long Blades
 11927 | D:10     | Reached XP level 12. HP: 89/93 MP: 18/18
 12227 | D:11     | Found a staircase to the Lair.
 13082 | D:11     | Found a staircase to the Orcish Mines.
 14026 | Lair:1   | Entered Level 1 of the Lair of Beasts
 15149 | D:12     | Reached skill level 5 in Spellcasting
 15166 | D:12     | You fall through a shaft for 3 floors!
 15166 | D:15     | Entered Level 15 of the Dungeon
 15186 | D:15     | Reached skill level 10 in Evocations
 15389 | D:15     | Reached skill level 11 in Long Blades
 15583 | D:15     | Noticed a fire dragon
 15594 | D:15     | Killed a fire dragon
 15594 | D:15     | Gained mutation: You can use your snake-like lower body to constrict enemies. [Naga growth]
 15594 | D:15     | Reached XP level 13. HP: 63/99 MP: 21/21
 15607 | D:15     | Noticed an ice dragon
 15959 | D:15     | Found a shadowy altar of Dithmenos.
 15970 | D:14     | Noticed XomBae's ghost (journeyman MiBe)
 16080 | D:14     | Noticed Agnes
 16096 | D:14     | Killed Agnes
 16096 | D:14     | Reached skill level 1 in Charms
 16096 | D:14     | Reached skill level 1 in Necromancy
 16162 | D:14     | Noticed a vault guard
 16263 | D:14     | Noticed a vault guard
 16265 | D:14     | Killed a vault guard
 16274 | D:14     | Killed a vault guard
 16399 | D:14     | Noticed a vault guard
 16415 | D:14     | Killed a vault guard
 16444 | D:14     | Noticed a vault guard
 16458 | D:14     | Killed a vault guard
 16488 | D:14     | Found a gate to the Vaults.
 16589 | D:14     | Noticed a vault guard
 16599 | D:14     | Killed a vault guard
 16724 | D:14     | Noticed a vault guard
 16732 | D:14     | Killed a vault guard
 16763 | D:14     | Noticed a vault guard
 17041 | D:14     | Slain by a vault guard

Vault maps used:
D:1:      mrwooster_arrival_statue_3
D:2:      cheibrodos_helix_gallery, tso_oasis_becter
D:3:      marbit_many_paths
D:4:      uniq_sigmund, uniq_ijyb
D:5:      minmay_temple_entry_overgrown, first_ration,
          nemelex_lonely_heart_becter
D:6:      nicolae_whirlpool, minitemple, cheibrodos_sewer_entry_drain,
          nicolae_evil_shop, uniq_blork_the_orc, uniq_crazy_yiuf_cottage,
          uniq_duvessa, uniq_pikel
D:7:      nicolae_overflow_crystal_walls, grunt_livestock,
          grunt_decor_one_mirror, st_stairs_7, nrook_uturn
D:8:      fedhas_altar_3, serial_shops, shop_statue, minmay_stone_trees_small,
          uniq_erica
D:9:      nicolae_blasting_shop
D:10:     serial_shops, shop, okawaru_trees_2
D:11:     david_lair_generic, david_orc_4, patterned_corridor
D:12:     minmay_diamond_spiral, uniq_frances
D:14:     erik_vaults_2, uniq_agnes
D:15:     grunt_enter_depths_hoard, grunt_dithmenos_shadows
Temple:   nicolae_temple_figure_eight
Lair:1:   infiniplex_staircase_pool, serial_bayou_shore_b
Sewer:    sewer_minmay_treatment

Skill      XL: |  1  2  3  4  5  6  7  8  9 10 11 12 13 |
---------------+----------------------------------------+-----
Dodging        | 3 4 5 |  5.1
Throwing       | 2 |  2.2
Long Blades    | 4 5 6 7 8 10 11 | 11.9
Armour         | 1 2 3 4 5 6 7 8 9 |  9.6
Stealth        | 1 3 4 5 8 9 10 | 10.3
Evocations     | 1 2 3 4 5 7 8 10 | 10.1
Shields        | 1 3 |  3.3
Spellcasting   | 2 5 7 |  7.0
Charms         | 4 |  4.0
Necromancy     | 4 |  4.0
Fighting       | |  2.0

Action                   |  1- 3 |  4- 6 |  7- 9 | 10-12 | 13-15 || total
-------------------------+-------+-------+-------+-------+-------++-------
Melee: Long sword        |    77 |    96 |   374 |    82 |       ||   629
       Falchion          |       |       |       |   128 |       ||   128
       Scimitar          |       |       |       |   475 |   169 ||   644
       Constrict         |       |       |       |       |    27 ||    27
Throw: Javelin           |       |       |     9 |     4 |       ||    13
 Abil: Spit Poison       |    12 |     3 |       |       |       ||    15
       Breathe Poison Ga |       |     9 |    16 |    28 |     9 ||    62
Evoke: Wand              |       |       |     1 |     8 |    11 ||    20
  Use: Potion            |       |     1 |     2 |     6 |     3 ||    12
       Scroll            |       |       |    16 |     6 |     6 ||    28
 Stab: Sleeping          |       |       |    11 |    13 |     1 ||    25
       Distracted        |       |       |     4 |     4 |     1 ||     9
       Paralysed         |       |       |       |    13 |    10 ||    23
  Eat: Chunk             |     2 |     3 |       |       |       ||     5
       Ration            |       |     1 |     5 |     7 |     2 ||    15
Armor: Leather armour    |    18 |    10 |       |       |       ||    28
       Ring mail         |       |    26 |   138 |   248 |    51 ||   463
       Skin              |       |       |       |     5 |       ||     5
Dodge: Dodged            |    45 |    92 |   307 |   436 |    72 ||   952
Block: Buckler           |       |       |    78 |   145 |    30 ||   253
       Rpst.: Long sword |    15 |    25 |    89 |    15 |       ||   144
       Falchion          |       |       |       |    23 |       ||    23
       Scimitar          |       |       |       |    99 |    13 ||   112

Table legend:
 A = Spawn XP
 B = Non-spawn XP
 C = Spawn XP percentage of total XP
 D = Spawn monster count
 E = Non-spawn monster count
 F = Spawn count percentage of total count
 G = Total turns spent on level
                    A         B        C        D         E        F      G
               +---------+---------+-------+---------+---------+-------+---------
         Total |       0 |   50774 |   0.0 |       0 |     459 |   0.0 | 17041
               +---------+---------+-------+---------+---------+-------+---------
           D:1 |       0 |      35 |   0.0 |       0 |      19 |   0.0 |  1377
           D:2 |       0 |      77 |   0.0 |       0 |      27 |   0.0 |  1220
           D:3 |       0 |     594 |   0.0 |       0 |      37 |   0.0 |  1160
           D:4 |       0 |     811 |   0.0 |       0 |      21 |   0.0 |  1036
           D:5 |       0 |     508 |   0.0 |       0 |      13 |   0.0 |   805
           D:6 |       0 |    2401 |   0.0 |       0 |      34 |   0.0 |  1416
           D:7 |       0 |    3451 |   0.0 |       0 |      36 |   0.0 |  1580
           D:8 |       0 |    3663 |   0.0 |       0 |      41 |   0.0 |   973
           D:9 |       0 |    1959 |   0.0 |       0 |      25 |   0.0 |   474
          D:10 |       0 |    4873 |   0.0 |       0 |      32 |   0.0 |  1157
          D:11 |       0 |    4866 |   0.0 |       0 |      43 |   0.0 |  1949
          D:12 |       0 |      95 |   0.0 |       0 |       3 |   0.0 |    47
          D:14 |       0 |   17719 |   0.0 |       0 |      40 |   0.0 |  1071
          D:15 |       0 |    4844 |   0.0 |       0 |      16 |   0.0 |   804
        Lair:1 |       0 |    4683 |   0.0 |       0 |      24 |   0.0 |  1069
         Sewer |       0 |     195 |   0.0 |       0 |      48 |   0.0 |   703
               +---------+---------+-------+---------+---------+-------+---------
